AoeStats
← BOZO

Arena

510806633Analyzed
2v2 RM · 12h ago on Oct 2, 2026· 72m 36s· 4 players
Game mode
Random Map
Map size
Medium (4 player)
Population
200
Speed
Normal
Resources
Standard
Victory
Conquest
Starting age
Dark Age
Ending age
Imperial Age
RankedLock teamsTeams togetherTeam positionsShared explorationLock speedFull tech treeHidden civsTurbo modeCheats
Victory
Defeat
🇨🇿 Burgundians · Czechia
825
+12
🇨🇿 Bohemians · Czechia
673
+23
🇹🇷 Britons · Türkiye
808
-18
🇹🇷 Japanese · Türkiye
670
-13
BOZO
0:29 Loom
10:25 Feudal Age
11:00 Double-Bit Axe
15:07 Horse Collar
20:41 Castle Age
19:29 Fletching
20:42 Wheelbarrow
21:31 Town Watch
22:04 Bow Saw
22:01 Stone Mining
27:02 Gold Mining
28:13 Bodkin Arrow
28:19 Padded Archer Armor
27:43 Crossbowman
28:07 Treadmill Crane
28:48 Ballistics
33:07 Imperial Age
31:38 Heavy Plow
32:06 Yeomen
33:20 Leather Archer Armor
33:16 Forging
33:07 Scale Mail Armor
35:08 Hand Cart
34:54 Town Patrol
36:13 Conscription
38:30 Chemistry
38:57 Scale Barding Armor
38:52 Bracer
39:15 Husbandry
38:35 Cavalier
41:16 Iron Casting
40:46 Elite Skirmisher
41:34 Onager
42:49 Ring Archer Armor
43:20 Blast Furnace
43:04 Squires
42:24 Pikeman
43:22 Chain Mail Armor
43:28 Chain Barding Armor
43:29 Halberdier
47:45 Plate Mail Armor
47:50 Plate Barding Armor
48:09 Masonry
48:19 Light Cavalry
48:38 Elite Longbowman
50:37 Two-Man Saw
55:32 Gold Shaft Mining
55:38 Capped Ram
56:57 Caravan
65:58 Hoardings
icerali
10:41 Feudal Age
12:02 Wheelbarrow
12:40 Horse Collar
14:40 Double-Bit Axe
17:18 Loom
20:22 Stone Mining
20:31 Gold Mining
24:51 Castle Age
25:49 Heavy Plow
26:01 Bow Saw
26:12 Hand Cart
29:29 Gold Shaft Mining
30:46 Caravan
31:02 Light Cavalry
31:58 Bloodlines
46:39 Husbandry
50:42 Imperial Age
54:01 Two-Man Saw
Tomikk
10:37 Feudal Age
11:06 Double-Bit Axe
12:52 Bow Saw
14:20 Horse Collar
15:47 Heavy Plow
19:52 Castle Age
22:28 Two-Man Saw
22:01 Crop Rotation
22:51 Gold Mining
22:52 Stone Mining
23:15 Forging
23:53 Wheelbarrow
23:04 Loom
24:54 Gold Shaft Mining
24:55 Stone Shaft Mining
27:09 Hand Cart
26:39 Town Watch
28:34 Iron Casting
27:49 Fletching
28:40 Cavalier
29:21 Husbandry
33:04 Imperial Age
36:36 Bodkin Arrow
37:41 Blast Furnace
36:48 Elite Coustillier
37:01 Paladin
38:27 Light Cavalry
42:34 Bracer
42:35 Scale Mail Armor
42:41 Scale Barding Armor
42:36 Padded Archer Armor
46:22 Burgundian Vineyards
46:53 Hoardings
45:48 Sappers
45:49 Flemish Revolution
46:39 Conscription
48:11 Leather Archer Armor
48:11 Chain Mail Armor
48:17 Chain Barding Armor
49:05 Hussar
66:25 Crossbowman
69:18 Caravan
69:49 Coinage
69:29 Guilds
Price174
5:18 Loom
11:12 Feudal Age
12:28 Double-Bit Axe
16:10 Loom
18:45 Castle Age
17:27 Horse Collar
18:19 Scale Mail Armor
28:11 Bow Saw
27:26 Pikeman
28:07 Squires
27:34 Elite Skirmisher
33:50 Imperial Age
33:19 Chain Mail Armor
33:04 Padded Archer Armor
32:54 Fletching
33:15 Forging
35:15 Wheelbarrow
34:25 Town Watch
34:28 Halberdier
34:54 Arson
35:32 Leather Archer Armor
36:52 Chemistry
39:42 Town Patrol
39:58 Hand Cart
42:46 Heavy Plow
42:19 Elite Hussite Wagon
45:47 Elite Hussite Wagon
46:58 Man-at-Arms
48:23 Long Swordsman
51:03 Ring Archer Armor
50:28 Bodkin Arrow
50:56 Ballistics
53:13 Houfnice
58:18 Crossbowman
59:04 Bracer
59:40 Iron Casting
59:35 Plate Mail Armor
59:11 Scale Barding Armor
59:20 Fortified Wall
65:18 Two-Handed Swordsman
66:41 Coinage
69:07 Champion
Connection lost

Rejoining the realm…

Still unreachable

The connection could not be restored.

Session expired

The server has moved on; the page needs a fresh start.